 Dungeon Crawl Stone Soup version 0.26-a0-215-g1b87330c0f (webtiles) character file.

Game seed: 7855274570323704410

(classic levelgen) 20748 EnegeticOcto the Cleaver (level 13, -9/89 HPs)
             Began as a Halfling Abyssal Knight on July 6, 2020.
             Was an Elder of Lugonu.
             Killed from afar by a death yak (21 damage)
             ... with an exploding inner flame
             ... hexed by the player character
             ... on level 2 of the Lair of Beasts.
             The game lasted 00:32:14 (11508 turns).

EnegeticOcto the Cleaver (Halfling Abyssal Knight) Turns: 11508, Time: 00:32:14

Health: -9/89      AC: 17    Str: 17    XL:     13   Next: 14%
Magic:  12/21      EV:  6    Int: 10    God:    Lugonu [****..]
Gold:   629        SH: 10    Dex: 15    Spells: 7/12 levels left

rFire    + . .     SeeInvis .   a - +7 hand axe
rCold    x . .     Faith    .   B - +0 kite shield
rNeg     . . .     Spirit   .   K - +0 plate armour
rPois    +         Reflect  .   v - +0 helmet
rElec    .         Harm     .   r - +0 cloak
rCorr    .                      D - +1 pair of gloves
MR       .....                  (no boots)
Stlth    ..........             M - amulet of regeneration
HPRegen  0.64/turn              L - ring of fire
MPRegen  0.17/turn              u - ring of poison resistance

@: no status effects
A: small, mutation resistance 1
a: Depart the Abyss, Bend Space, Banish, Corrupt, Renounce Religion


You were on level 2 of the Lair of Beasts.
You worshipped Lugonu.
Lugonu was greatly pleased with you.
You were hungry.

You visited 2 branches of the dungeon, and saw 12 of its levels.
You visited the Abyss 1 time.

You collected 774 gold pieces.
You spent 145 gold pieces at shops.

Inventory:

Hand Weapons
 a - a +7 hand axe (weapon)
Missiles
 o - 3 throwing nets {!f}
 q - 3 curare-tipped darts (quivered)
 x - 12 boomerangs
 H - 26 poisoned darts
 O - 7 boomerangs of dispersal
Armour
 r - a +0 cloak (worn)
 v - a +0 helmet (worn)
 B - a +0 kite shield (worn)
 D - a +1 pair of gloves (worn)
 I - a +2 hat
 K - a +0 plate armour (worn)
Jewellery
 c - an uncursed amulet of reflection
 k - a +6 ring of dexterity
 u - a ring of poison resistance (right hand)
 C - a +6 ring of intelligence
 L - a ring of fire (left hand)
 M - an amulet of regeneration (around neck)
 R - an uncursed amulet of faith
Wands
 A - a wand of acid (11) {@v1}
 F - a wand of enslavement (6)
 G - a wand of flame (36) {@v4}
 J - a wand of paralysis (4)
 Q - a wand of disintegration (13)
 S - a wand of digging (3) {@v3}
Scrolls
 b - 4 scrolls of blinking {@r4}
 g - 9 scrolls of remove curse {@r2}
 h - 7 scrolls of teleportation {@r3 !r}
 j - 4 scrolls of amnesia
 y - 2 scrolls of immolation
 E - 3 scrolls of fog {!r}
 U - a scroll of identify {@r1}
Potions
 d - 2 potions of berserk rage
 f - 2 potions of invisibility
 i - 3 potions of flight
 l - 2 potions of brilliance
 m - 2 potions of ambrosia
 n - 2 potions of haste {@q4 !q}
 p - 3 potions of might {@q3 !q}
 s - 2 potions of heal wounds {@q2 !q}
 t - a potion of lignification {@q6}
 w - 4 potions of curing {@q1 !q}
 z - 4 potions of stabbing {@q5 !q}
 T - a potion of cancellation
Miscellaneous
 N - a phial of floods
 P - a tin of tremorstones (inert)
Comestibles
 e - 17 rations


   Skills:
 * Level 8.6 Fighting
 - Level 14.0 Axes
 * Level 6.5 Armour
 - Level 1.1 Dodging
 + Level 5.6 Shields
 + Level 1.8 Charms
 - Level 10.9 Invocations


You had 7 spell levels left.
You knew the following spells:

 Your Spells              Type           Power        Failure   Level
a - Spectral Weapon       Hex/Chrm       #.......     100%        3
b - Song of Slaying       Chrm           #.......     100%        2

Your spell library contained the following spells:

 Spells                   Type           Power        Failure   Level
 Infusion                 Chrm           #...         100%        1
 Summon Small Mammal      Summ           #...         100%        1
 Call Imp                 Summ           #.......     100%        2
 Shroud of Golubria       Chrm/Tloc      #.....       100%        2
 Call Canine Familiar     Summ           #.......     100%        3
 Ozocubu's Armour         Chrm/Ice       #.......     100%        3
 Summon Guardian Golem    Hex/Summ       #.......     100%        3
 Summon Ice Beast         Ice/Summ       #.......     100%        4
 Summon Lightning Spire   Summ/Air       #.......     100%        4
 Malign Gateway           Summ/Tloc      #.........   100%        7
 Monstrous Menagerie      Summ           #.........   100%        7
 Summon Greater Demon     Summ           #.........   100%        7
 Summon Horrible Things   Summ           #.........   100%        8


Dungeon Overview and Level Annotations

Branches:
Dungeon (10/15)            Temple (0/1) D:7            Lair (2/6) D:8
    Orc (0/2) D:10
  Swamp: Lair:2-4    Shoals: Lair:2-4     Snake: Lair:2-4    Spider: Lair:2-4

Altars:
Cheibriados
Dithmenos
Kikubaaqudgha
Makhleb
Nemelex Xobeh
Okawaru
Qazlal
Ru
Sif Muna
Uskayaw
Wu Jian

Shops:
D:4 *

Annotations:
Lair:2 2 transporters, Morbidden's ghost, journeyman GnBr
Abyss:1 Gastronok; Urug


Innate Abilities, Weirdness & Mutations

You are small and have problems with some larger weapons.
You are somewhat resistant to further mutation.


Message History

You remove your +6 ring of dexterity.
You feel clumsy. The death yak gores you.
You feel more attuned to fire.
L - a ring of fire (left hand) Evoke which item? (* to show all) (? for menu, Esc to quit)
The tremorstone explodes into fragments!
The burst of rock shards engulfs the death yak but does no damage.
The burst of rock shards engulfs the death yak.
Flame seeps out of the death yak.
The burst of rock shards engulfs the death yak!
Flame seeps out of the death yak.
The burst of rock shards engulfs the death yak.
Flame seeps out of the death yak.
The tin is emptied!
The death yak barely misses you.
The death yak is engulfed in blazing flames.
Flame seeps out of the death yak.
The death yak is engulfed in blazing flames.
Flame seeps out of the death yak.
The death yak is engulfed in blazing flames.
Flame seeps out of the death yak.
Evoke which item? (* to show all) (? for menu, Esc to quit)
Aiming: Corrosive Bolt
Press: ? - help, Shift-Dir - straight line, f/p - death yak
Aim: a death yak (moderately wounded, inner flame)
The bolt of acid hits the death yak.
The death yak is splashed with acid.
The acid corrodes the death yak!
Flame seeps out of the death yak. x2
The death yak is moderately wounded.
The bolt of acid misses the death yak.
The bolt of acid hits the death yak.
The death yak is splashed with acid!
The acid corrodes the death yak!
Flame seeps out of the death yak. x2
The death yak is lightly wounded.
The death yak is engulfed in blazing flames.
Flame seeps out of the death yak.
You block the death yak's attack.
The death yak is engulfed in blazing flames.
Flame seeps out of the death yak.
The death yak is engulfed in blazing flames.
Flame seeps out of the death yak.
The death yak is engulfed in blazing flames.
Flame seeps out of the death yak.
The death yak is engulfed in blazing flames.
Flame seeps out of the death yak.
Evoke which item? (* to show all) (? for menu, Esc to quit)
Aiming: Corrosive Bolt
Press: ? - help, Shift-Dir - straight line, f/p - death yak
Aim: a death yak (flame, heavily wounded, inner flame, covered in acid)
The bolt of acid hits the death yak!
The death yak is splashed with acid.
The death yak seems to be corroded for longer.
Flame seeps out of the death yak. x2
The death yak is severely wounded.
The bolt of acid hits the death yak.
The death yak is splashed with acid!
Flame seeps out of the death yak. x2
The death yak is heavily wounded.
The bolt of acid hits the death yak!
The death yak is splashed with acid.
Flame seeps out of the death yak. x2
The death yak is heavily wounded.
The death yak is engulfed in blazing flames.
Flame seeps out of the death yak.
The death yak gores you!!
The death yak is engulfed in blazing flames.
Flame seeps out of the death yak.
The death yak is engulfed in blazing flames.
Flame seeps out of the death yak.
The death yak is engulfed in blazing flames.
Flame seeps out of the death yak.
The death yak is engulfed in blazing flames.
Flame seeps out of the death yak.
Evoke which item? (* to show all) (? for menu, Esc to quit)
Aiming: Corrosive Bolt
Press: ? - help, Shift-Dir - straight line, f/p - death yak
Aim: a death yak (flame, almost dead, inner flame, covered in acid)
The bolt of acid hits the death yak!
The death yak is splashed with acid.
The death yak seems to be corroded for longer.
Flame seeps out of the death yak.
The death yak explodes!
The fiery explosion engulfs you! You resist.
* * * LOW HITPOINT WARNING * * *
The fiery explosion engulfs the death yak!
Flame seeps out of the death yak.
The death yak is almost dead.
The fiery explosion engulfs the death yak!!
Flame seeps out of the death yak.
The death yak is severely wounded.
Lugonu accepts your kill.
The bolt of acid hits the death yak.
The death yak is splashed with acid.
Flame seeps out of the death yak. x2
The death yak is almost dead.
The bolt of acid hits the death yak!
The death yak is splashed with acid!
The death yak seems to be corroded for longer.
Flame seeps out of the death yak. x2
The death yak is almost dead.
You are engulfed in blazing flames.
You resist.
* * * LOW HITPOINT WARNING * * *
The death yak is engulfed in blazing flames.
Flame seeps out of the death yak.
The death yak is engulfed in blazing flames.
The death yak explodes!
The fiery explosion engulfs the death yak!!
The death yak explodes!
The fiery explosion engulfs you!! You resist.
You die...

##.........#. #...#......##
#..###.#....#
######....#..#..##
####..##......#....#
#..................#
#####.###.P.P.........#
##.##...##○#.#.........##
##...†.©.@°○Y##..........#
#..#########Y............#
##.##8.$"FW8##...........##
#..#©...$.kY.#...........#
##.#.##...##.#...........#
#..#.##...##.#.#........##
##.#....©....#.###......###
#.#.##...##.#.##....#.....
#÷#.##...##.#......###....


You could see 2 death yaks, a yak, a cane toad, a rime drake and Morbidden's
ghost.

Vanquished Creatures
  Harold (Lair:2)
  A death yak (Lair:2)
  Pikel (D:8)
  5 elephants (Lair:2)
  A black mamba (Lair:1)
  4 cane toads
  Maggie (Lair:2)
  A komodo dragon (Lair:2)
  4 blink frogs
  Grinder (D:5)
  2 dream sheep (D:9)
  22 yaks
  A wraith (D:10)
  2 wyverns
  2 basilisks (Lair:1)
  6 water moccasins
  6 porcupines
  An ice beast (D:7)
  A black bear (D:8)
  2 phantoms
  7 orc warriors
  2 sky beasts (D:8)
  4 ogres
  4 wolves (Lair:1)
  3 centaurs (D:10)
  5 crocodiles
  3 big kobolds (D:9)
  Blork the orc (D:6)
  10 bullfrogs
  A scorpion (Lair:1)
  3 wights (D:6)
  An electric eel (D:10)
  A howler monkey (D:6)
  A crimson imp (D:9)
  A centaur zombie (D:8)
  5 orc priests (D:10)
  A quasit (D:7)
  3 jellies
  6 hounds
  3 bullfrog skeletons
  6 iguanas
  4 orc wizards
  13 worker ants
  A killer bee zombie (D:7)
  3 hound skeletons
  4 worker ant zombies
  4 adders
  3 shadow imps
  4 white imps
  2 ufetubi
  An ooze (D:2)
  4 worms
  A dart slug (D:3)
  11 leopard geckos
  28 orcs
  7 bats
  6 goblins
  6 hobgoblins
  8 jackals (D:2)
  2 quokkas
  3 ball pythons
  6 frilled lizards
  A giant cockroach zombie (D:5)
  2 jackal skeletons
  10 kobolds
  8 rats
  A plant (Lair:2)
279 creatures vanquished.

Vanquished Creatures (others)
  A two-headed ogre (D:10)
  An ugly thing (D:8)
  A hungry ghost (D:10)
3 creatures vanquished.

Grand Total: 282 creatures vanquished

Notes
Turn   | Place    | Note
-------+----------+-------------------------------------------
     0 | Abyss:1  | EnegeticOcto the Halfling Abyssal Knight began the quest
                  | for the Orb.
     0 | Abyss:1  | Reached XP level 1. HP: 15/15 MP: 2/2
    44 | D:1      | Escaped the Abyss
   291 | D:1      | Reached XP level 2. HP: 20/20 MP: 3/3
  1013 | D:1      | Reached XP level 3. HP: 23/25 MP: 4/4
  1134 | D:2      | Reached skill level 3 in Axes
  1268 | D:2      | Found a faded altar of an unknown god.
  1438 | D:2      | Found a hide-covered altar of Uskayaw.
  1440 | D:2      | Noticed a +0 dagger
  1441 | D:2      | Noticed a +0 hand axe
  1823 | D:2      | Found a sacrificial altar of Ru.
  1823 | D:2      | Found a faded altar of an unknown god.
  1829 | D:2      | Found a shadowy altar of Dithmenos.
  1831 | D:2      | Found a faded altar of an unknown god.
  1833 | D:2      | Found an ornate altar of the Wu Jian Council.
  1876 | D:2      | Reached XP level 4. HP: 25/30 MP: 6/6
  2225 | D:3      | Reached ** piety under Lugonu
  2227 | D:3      | Reached skill level 3 in Invocations
  2596 | D:3      | Found a sparkling altar of Nemelex Xobeh.
  2701 | D:3      | Reached skill level 4 in Axes
  3113 | D:4      | Reached XP level 5. HP: 34/35 MP: 7/7
  3121 | D:4      | Noticed an ogre
  3170 | D:4      | Noticed an ogre
  3190 | D:4      | Killed an ogre
  3190 | D:4      | Reached skill level 3 in Fighting
  3190 | D:4      | Reached skill level 5 in Axes
  3190 | D:4      | Reached XP level 6. HP: 37/42 MP: 8/8
  3224 | D:4      | Found Xuojitzu's General Store.
  3233 | D:4      | Bought a potion of heal wounds for 50 gold pieces
  3233 | D:4      | Bought a scroll of remove curse for 30 gold pieces
  3233 | D:4      | Bought a scroll of identify for 20 gold pieces
  3233 | D:4      | Bought a +0 cloak for 45 gold pieces
  3930 | D:4      | Killed an ogre
  3930 | D:4      | Reached skill level 6 in Axes
  3930 | D:4      | Reached XP level 7. HP: 46/47 MP: 9/9
  4014 | D:4      | Reached skill level 4 in Fighting
  4047 | D:5      | Entered Level 5 of the Dungeon
  4186 | D:5      | Noticed Grinder
  4256 | D:5      | Found an ancient bone altar of Kikubaaqudgha.
  4338 | D:5      | Found a stormy altar of Qazlal.
  4623 | D:5      | Reached *** piety under Lugonu
  4800 | D:5      | Paralysed by something for 6 turns
  4809 | D:5      | Paralysed by something for 6 turns
  4830 | D:5      | Paralysed by Grinder for 2 turns
  4833 | D:5      | Killed Grinder
  4833 | D:5      | Reached skill level 7 in Axes
  4833 | D:5      | Reached XP level 8. HP: 54/54 MP: 10/10
  5216 | D:6      | Noticed Blork the orc
  5230 | D:6      | Killed Blork the orc
  5267 | D:6      | Reached skill level 5 in Fighting
  5294 | D:6      | Reached skill level 8 in Axes
  6201 | D:7      | Found a staircase to the Ecumenical Temple.
  6401 | D:7      | Reached skill level 9 in Axes
  6516 | D:7      | Found a shimmering blue altar of Sif Muna.
  6553 | D:7      | Reached XP level 9. HP: 57/61 MP: 11/11
  6585 | D:7      | Got an iridescent dagger
  6874 | D:7      | Found an iron altar of Okawaru.
  6896 | D:7      | Found a snail-covered altar of Cheibriados.
  7049 | D:7      | Identified the +2 dagger "Ogager" {holy, rN+ Str+2 Int-4}
                  | (You found it on level 7 of the Dungeon)
  7063 | D:8      | Reached skill level 4 in Invocations
  7146 | D:8      | Reached skill level 10 in Axes
  7337 | D:8      | Reached skill level 5 in Invocations
  7431 | D:8      | Noticed Pikel
  7452 | D:8      | Killed Pikel
  7513 | D:8      | Reached **** piety under Lugonu
  7514 | D:8      | Reached skill level 11 in Axes
  7561 | D:8      | Noticed a white ugly thing
  7562 | D:8      | Banished a white ugly thing
  7562 | D:8      | Reached skill level 6 in Invocations
  7562 | D:8      | Reached XP level 10. HP: 65/66 MP: 14/14
  7738 | D:8      | Found a staircase to the Lair.
  7963 | D:9      | Found a burning altar of Makhleb.
  8078 | D:9      | Reached skill level 7 in Invocations
  8080 | D:9      | Reached skill level 12 in Axes
  8129 | D:9      | Noticed a three-headed hydra
  8130 | D:9      | Banished a three-headed hydra
  8607 | D:9      | Reached skill level 8 in Invocations
  8691 | D:10     | Entered Level 10 of the Dungeon
  8727 | D:10     | Reached XP level 11. HP: 63/71 MP: 17/17
  8792 | D:10     | Reached skill level 13 in Axes
  8840 | D:10     | Noticed a two-headed ogre
  8841 | D:10     | Banished a two-headed ogre
  9187 | D:10     | Reached skill level 14 in Axes
  9262 | D:10     | Found a staircase to the Orcish Mines.
  9415 | D:10     | Reached skill level 1 in Shields
  9544 | D:10     | Reached skill level 3 in Armour
 10007 | Lair:1   | Entered Level 1 of the Lair of Beasts
 10053 | Lair:1   | Reached skill level 2 in Shields
 10103 | Lair:1   | Reached skill level 6 in Fighting
 10103 | Lair:1   | Reached skill level 9 in Invocations
 10282 | Lair:1   | Reached ***** piety under Lugonu
 10381 | Lair:1   | Reached XP level 12. HP: 74/79 MP: 18/18
 10403 | Lair:1   | Reached skill level 3 in Shields
 10478 | Lair:1   | Found a shimmering blue altar of Sif Muna.
 10508 | Lair:1   | Reached skill level 4 in Armour
 10655 | Lair:2   | Noticed Harold
 10670 | Lair:2   | Killed Harold
 10683 | Lair:1   | Learned a level 3 spell: Spectral Weapon
 10782 | Lair:2   | Found a transporter.
 10785 | Lair:2   | Noticed Morbidden's ghost (journeyman GnBr)
 10788 | Lair:2   | Noticed Maggie
 10794 | Lair:2   | Found a transporter.
 10807 | Lair:2   | Reached skill level 7 in Fighting
 10819 | Lair:2   | Reached skill level 10 in Invocations
 10822 | Lair:2   | Reached skill level 4 in Shields
 10822 | Lair:2   | Killed Maggie
 10845 | Lair:2   | Reached skill level 5 in Armour
 10918 | Lair:2   | Noticed Urug
 10932 | Lair:2   | Banished Urug
 10964 | Lair:2   | Noticed Gastronok
 10967 | Lair:2   | Banished Gastronok
 11058 | Lair:2   | Reached skill level 8 in Fighting
 11058 | Lair:2   | Reached skill level 5 in Shields
 11109 | Lair:2   | Learned a level 2 spell: Song of Slaying
 11255 | Lair:2   | Reached XP level 13. HP: 35/88 MP: 21/21
 11262 | Lair:2   | Reached skill level 6 in Armour
 11288 | Lair:2   | Reached skill level 1 in Charms
 11508 | Lair:2   | Killed from afar by a death yak

Illustrated notes

Levels and vault maps discovered:
D:1:      minmay_arrival_wavy_path, layout_loops_corners
D:2:      layout_rooms, dancing_weapons_uskayaw,
          chequers_temple_overflow_minitemple, chequers_ecumenical_altar_island,
          serial_forest, infiniplex_forest_lined_2,
          infiniplex_forest_clump_medium, infiniplex_forest_clump_small,
          infiniplex_forest_diagonal, infiniplex_forest_end_2,
          infiniplex_forest_straight_1, infiniplex_forest_corner_1,
          infiniplex_forest_clump_C, kennysheep_path_1
D:3:      layout_loops_corners, lemuel_crystal_altar
D:4:      layout_basic, serial_shops, shop_fountains
D:5:      minmay_clustersquares, layout_basic, kennysheep_mini_moat,
          old_standard_altar, first_ration, uniq_grinder
D:6:      layout_loops_ring, uniq_blork_the_orc
D:7:      layout_basic, led_sif_book, lemuel_doored_altar,
          minmay_temple_entry_arrows, basic_altar
D:8:      layout_rooms, lair_entry_dummy, uniq_pikel
D:9:      layout_long_grid, makhleb_grotto_becter, hangedman_ranch
          [blue_anna_fruit_fields]
D:10:     layout_basic, erik_orc_2
Lair:1:   layout_gridlike, basic_altar, hangedman_lair_unloving_vines,
          zaba_anthole, infiniplex_staircase_pool
Lair:2:   layout_cave_shapes, gammafunk_ghost_arena, uniq_maggie,
          uniq_gastronok, uniq_harold, uniq_urug

Skill      XL: |  1  2  3  4  5  6  7  8  9 10 11 12 13 |
---------------+----------------------------------------+-----
Axes           | 3 4 5 6 7 9 11 12 14 | 14.0
Invocations    | 3 6 8 9 10 | 10.9
Fighting       | 3 4 5 6 8 |  8.6
Shields        | 2 5 |  5.6
Armour         | 3 5 6 |  6.5
Charms         | 1 |  1.8
Dodging        | |  1.1

Action                   |  1- 3 |  4- 6 |  7- 9 | 10-12 | 13-15 || total
-------------------------+-------+-------+-------+-------+-------++-------
Melee: Hand axe          |   119 |   109 |   302 |   601 |    56 ||  1187
Throw: Dart              |       |     1 |     4 |    21 |       ||    26
       Boomerang         |       |       |    15 |    51 |       ||    66
Invok: Banish            |       |       |       |     8 |     4 ||    12
       Bend Space        |       |       |       |     1 |       ||     1
Evoke: Wand              |       |       |     1 |    17 |     5 ||    23
       Tin of tremorston |       |       |       |     3 |     1 ||     4
  Use: Scroll            |    10 |     3 |     8 |     9 |     2 ||    32
       Potion            |       |       |     1 |       |       ||     1
  Eat: Ration            |     1 |     2 |     4 |     4 |       ||    11
Armor: Leather armour    |    43 |       |       |       |       ||    43
       Ring mail         |     2 |    11 |       |       |       ||    13
       Scale mail        |       |    14 |    94 |       |       ||   108
       Skin              |       |       |    16 |       |       ||    16
       Plate armour      |       |       |       |   194 |     9 ||   203
Dodge: Dodged            |    93 |    48 |    95 |    54 |     8 ||   298
Block: Other             |       |    17 |    20 |       |       ||    37
       Kite shield       |       |       |    70 |   192 |    13 ||   275

Table legend:
 A = Non-vault XP
 B = Vault XP
 C = Vault XP percentage of total XP
 D = Non-vault monster count
 E = Vault monster count
 F = Vault count percentage of total count
                 A         B        C        D         E       F
            +---------+---------+-------+---------+---------+-------
      Total |   21021 |    8620 |  29.1 |     240 |      44 |  15.5
            +---------+---------+-------+---------+---------+-------
        D:1 |      30 |       0 |   0.0 |      18 |       0 |   0.0
        D:2 |      51 |       0 |   0.0 |      25 |       0 |   0.0
        D:3 |      57 |       0 |   0.0 |      22 |       0 |   0.0
        D:4 |     514 |       0 |   0.0 |      14 |       0 |   0.0
        D:5 |     209 |     326 |  60.9 |      13 |       6 |  31.6
        D:6 |     480 |     100 |  17.2 |      15 |       1 |   6.2
        D:7 |     440 |       0 |   0.0 |      13 |       0 |   0.0
        D:8 |    1675 |     629 |  27.3 |      22 |       1 |   4.3
        D:9 |     711 |    2261 |  76.1 |      13 |       9 |  40.9
       D:10 |    4151 |     928 |  18.3 |      29 |      21 |  42.0
     Lair:1 |    4198 |      72 |   1.7 |      23 |       2 |   8.0
     Lair:2 |    8505 |    4304 |  33.6 |      33 |       4 |  10.8
            +---------+---------+-------+---------+---------+-------
